 Dungeon Crawl Stone Soup version 0.30-a0-737-gf23d94013f (webtiles) character file.

Game seed: 12588151553519702584

126 jimonade the Grasshopper (level 5, -7/43 HPs)
             Began as a Gnoll Warper on Feb 2, 2023.
             Mangled by a black bear (11 damage)
             ... on level 3 of the Dungeon.
             The game lasted 00:04:39 (2214 turns).

jimonade the Grasshopper (Gnoll Warper)             Turns: 2214, Time: 00:04:40

Health: -7/43      AC:  5    Str: 10    XL:     5   Next: 9%
Magic:  12/12      EV: 12    Int: 12    God:
Gold:   107        SH:  0    Dex: 14    Spells: 10/14 levels left

rFire   . . .      SeeInvis .    a - +2 short sword (holy)
rCold   . . .      Faith    .    (no shield)
rNeg    . . .      Spirit   .    f - +0 ring mail
rPois   .          Reflect  .    (no helmet)
rElec   .          Harm     .    (no cloak)
rCorr   .          Rampage  .    (no gloves)
Will    .....                    (no boots)
Stlth   +                        (no amulet)
HPRegen 0.27/turn                (no ring)
MPRegen 0.13/turn                (no ring)

@: no status effects
A: fangs 1, strong nose, distributed training
a: no special abilities


You were on level 3 of the Dungeon.
You visited 1 branch of the dungeon, and saw 3 of its levels.

You collected 107 gold pieces.

Inventory:

Hand Weapons
 a - a +2 short sword of holy wrath (weapon)
 b - a +0 sling
 k - a +0 dagger
 x - a +0 short sword
Missiles
 d - 7 boomerangs of dispersal
 i - a poisoned dart (quivered)
 p - 5 stones
 r - 5 boomerangs
Armour
 f - a +0 ring mail (worn)
 q - a +0 leather armour
 A - a +0 leather armour
Jewellery
 o - a ring of ice
 y - a ring of ice
Scrolls
 c - 3 scrolls of blinking
 g - a scroll of acquirement {unknown}
 l - 3 scrolls of identify {unknown}
 m - a scroll of enchant armour {unknown}
 n - 4 scrolls of teleportation {unknown}
 s - a scroll of vulnerability {unknown}
 t - 2 scrolls of fear {unknown}
 w - a scroll of immolation {unknown}
Potions
 e - 3 potions of ambrosia {unknown}
 h - a potion of curing {unknown}
 j - a potion of attraction {unknown}
 u - a potion of haste {unknown}
 v - 2 potions of degeneration {unknown}
 z - a potion of brilliance {unknown}


   Skills:
 + Level 4.7 Fighting
 + Level 4.7 Short Blades
 + Level 1.4 Long Blades
 + Level 1.4 Axes
 + Level 1.4 Maces & Flails
 + Level 1.4 Polearms
 + Level 1.4 Staves
 + Level 1.4 Ranged Weapons
 + Level 2.9 Throwing
 + Level 2.9 Armour
 + Level 4.7 Dodging
 + Level 1.4 Stealth
 + Level 1.4 Shields
 + Level 1.4 Unarmed Combat
 + Level 5.2 Spellcasting
 + Level 1.1 Conjurations
 + Level 1.1 Hexes
 + Level 1.1 Summonings
 + Level 1.1 Necromancy
 + Level 5.5 Translocations
 + Level 1.1 Transmutations
 + Level 1.1 Fire Magic
 + Level 1.1 Ice Magic
 + Level 1.1 Air Magic
 + Level 1.1 Earth Magic
 + Level 1.1 Poison Magic
 + Level 1.6 Invocations
 + Level 1.4 Evocations


You had 10 spell levels left.
You knew the following spells:

 Your Spells              Type           Power      Damage    Failure   Level
a - Blink                 Tloc           32%        N/A       8%          2
b - Lesser Beckoning      Tloc           32%        N/A       8%          2

Your spell library contained the following spells:

 Spells                   Type           Power      Damage    Failure   Level
 Teleport Other           Tloc           16%        N/A       14%         3
 Momentum Strike          Conj/Tloc      22%        3d8       19%         2
 Beastly Appendage        Tmut           10%        N/A       30%         1
 Vhi's Electric Charge    Tloc/Air       22%        N/A       36%         3
 Wereblood                Tmut           5%         N/A       41%         2
 Manifold Assault         Tloc           16%        N/A       43%         4
 Spider Form              Tmut/Pois      5%         N/A       65%         3
 Blade Hands              Tmut           2%         N/A       100%        5
 Irradiate                Conj/Tmut      2%         3d12      100%        5
 Dragon Form              Tmut           2%         N/A       100%        7


Dungeon Overview and Level Annotations

Branches:
Dungeon (3/15)

Altars:


Innate Abilities, Weirdness & Mutations

You have very sharp teeth.
Your uncanny sense of smell can sniff out nearby items.
Your experience applies equally to all skills.


Message History

The black bear is lightly wounded.
You hit the black bear.
The black bear is moderately wounded.
The black bear barely misses you. The black bear closely misses you. x2
You hit the black bear. Your punch misses the black bear.
The black bear is moderately wounded.
The black bear bites you!
The black bear claws you but does no damage. x2
You hit the black bear. Your bite misses the black bear.
The black bear is severely wounded.
The black bear bites you. The black bear claws you.
The black bear closely misses you.
You hit the black bear.
The black bear is severely wounded.
You hit the black bear.
The black bear is severely wounded.
The black bear barely misses you.
The black bear claws you but does no damage.
The black bear closely misses you.
You closely miss the black bear.
The black bear is severely wounded.
The black bear goes berserk!
You hit the black bear but do no damage.
The black bear is almost dead.
The black bear bites you. The black bear closely misses you.
The black bear claws you but does no damage.
You closely miss the black bear.
The black bear is almost dead.
The black bear bites you! The black bear claws you. x2
* * * LOW HITPOINT WARNING * * *
You hit the black bear but do no damage.
The black bear is almost dead.
The black bear bites you.
* * * LOW HITPOINT WARNING * * *
The black bear closely misses you.
The black bear claws you but does no damage.
You hit the black bear but do no damage.
The black bear is almost dead.
The black bear bites you!
You die...

#.###### #### .#
#......# #... .#
#......# #..##.#### .
+......#.#...#.#..+ ..
.#......#.#.....#.##..
........#...........
##......###....##.# .##
#......$.........#.....
............(((h@...#
.##+####..##.#.##.......
....$...#.# .#.#...
...........). .. + ..
........##.#.##...
........##.#.# .###
........##.#.# .#
#####+####.#.# .#


You could see a black bear (berserk, very poisoned).

Vanquished Creatures
  9 adders (D:2)
  A worm (D:2)
  A dart slug (D:2)
  4 bats
  5 endoplasms
  2 giant cockroaches
  A goblin (D:1)
  3 hobgoblins
  A quokka (D:2)
  8 ball pythons
  A frilled lizard (D:1)
  3 kobolds
  5 rats
44 creatures vanquished.

Notes
Turn   | Place    | Note
-------+----------+-------------------------------------------
     0 | D:1      | jimonade the Gnoll Warper began the quest for the Orb.
     0 | D:1      | Reached XP level 1. HP: 20/20 MP: 6/6
   170 | D:1      | Reached XP level 2. HP: 22/26 MP: 7/7
   822 | D:2      | Reached skill level 5 in Spellcasting
   822 | D:2      | Reached XP level 3. HP: 28/31 MP: 7/9
   950 | D:2      | HP: 1/31 [poisoned by an adder]
   962 | D:2      | Reached skill level 1 in Invocations
  1443 | D:2      | Reached skill level 1 in Long Blades
  1443 | D:2      | Reached skill level 1 in Axes
  1443 | D:2      | Reached skill level 1 in Maces & Flails
  1443 | D:2      | Reached skill level 1 in Polearms
  1443 | D:2      | Reached skill level 1 in Staves
  1443 | D:2      | Reached skill level 1 in Ranged Weapons
  1443 | D:2      | Reached skill level 1 in Stealth
  1443 | D:2      | Reached skill level 1 in Shields
  1443 | D:2      | Reached skill level 1 in Unarmed Combat
  1443 | D:2      | Reached skill level 1 in Evocations
  1509 | D:2      | Reached XP level 4. HP: 38/38 MP: 11/11
  1542 | D:2      | Reached skill level 1 in Conjurations
  1542 | D:2      | Reached skill level 1 in Hexes
  1542 | D:2      | Reached skill level 1 in Summonings
  1542 | D:2      | Reached skill level 1 in Necromancy
  1542 | D:2      | Reached skill level 1 in Transmutations
  1542 | D:2      | Reached skill level 1 in Fire Magic
  1542 | D:2      | Reached skill level 1 in Ice Magic
  1542 | D:2      | Reached skill level 1 in Air Magic
  1542 | D:2      | Reached skill level 1 in Earth Magic
  1542 | D:2      | Reached skill level 1 in Poison Magic
  1866 | D:2      | Reached XP level 5. HP: 27/43 MP: 12/12
  2139 | D:2      | Learned a level 2 spell: Blink
  2142 | D:2      | Learned a level 2 spell: Lesser Beckoning
  2186 | D:3      | Noticed a black bear
  2214 | D:3      | Mangled by a black bear

Illustrated notes

Levels and vault maps discovered:
D:1:      lightli_arrival_boilingwater, layout_loops_ring, minivault_4,
          minmay_splitting_lines
D:2:      layout_basic, minmay_snake_closets
D:3:      layout_basic, nicolae_overflow_ecumenical_swirl, minmay_door_square,
          uniq_sigmund

Skill      XL: |  1  2  3  4 |
---------------+-------------+-----
Spellcasting   | 5 |  5.2
Invocations    | 1 |  1.6
Long Blades    | 1 |  1.4
Axes           | 1 |  1.4
Maces & Flails | 1 |  1.4
Polearms       | 1 |  1.4
Staves         | 1 |  1.4
Ranged Weapons | 1 |  1.4
Stealth        | 1 |  1.4
Shields        | 1 |  1.4
Unarmed Combat | 1 |  1.4
Evocations     | 1 |  1.4
Conjurations   | 1 |  1.1
Hexes          | 1 |  1.1
Summonings     | 1 |  1.1
Necromancy     | 1 |  1.1
Transmutations | 1 |  1.1
Fire Magic     | 1 |  1.1
Ice Magic      | 1 |  1.1
Air Magic      | 1 |  1.1
Earth Magic    | 1 |  1.1
Poison Magic   | 1 |  1.1
Fighting       | |  4.7
Short Blades   | |  4.7
Throwing       | |  2.9
Armour         | |  2.9
Dodging        | |  4.7
Translocations | |  5.5

Action                     |  1- 3 |  4- 6 || total
---------------------------+-------+-------++-------
  Melee: Short sword       |   134 |   100 ||   234
         Bite              |    13 |     8 ||    21
         Punch             |     1 |     1 ||     2
  Throw: Dart              |       |     3 ||     3
 Armour: Ring mail         |    31 |    32 ||    63
         Leather armour    |     1 |       ||     1
  Dodge: Dodged            |    75 |    54 ||   129

Table legend: (Time is in decaauts)
 A = Elapsed time spent in this place.
 B = Non-inter-level travel time spent in this place.
 C = Inter-level travel time spent in this place.
 D = Time resting spent in this place.
 E = Time spent auto-exploring this place.
 F = Levels seen in this place.
 G = Mean time per level.
                   A        B        C        D        E       F      G
               +--------+--------+--------+--------+--------+-----+--------+
         Total |   2173 |   2102 |     71 |    205 |   1447 |   3 |  724.3 |
       Dungeon |   2173 |   2102 |     71 |    205 |   1447 |   3 |  724.3 |
               +--------+--------+--------+--------+--------+-----+--------+

Top non-repeatable levels by time:
     D:2: 1380 daAuts
     D:1: 758 daAuts
     D:3: 34 daAuts
